 Dungeon Crawl Stone Soup version 0.27.1-2-g3b301248ec (webtiles) character file.

Game seed: 11812135810696746469

26286 Borgoz the Basher (level 13, -8/85 HPs)
             Began as a Gargoyle Berserker on Sept 28, 2021.
             Was an Elder of Trog.
             Killed from afar by a hellephant (29 damage)
             ... with a blast of flame
             ... on level 2 of the Abyss.
             The game lasted 00:25:45 (12307 turns).

Borgoz the Basher (Gargoyle Berserker)             Turns: 12307, Time: 00:25:45

Health: -8/85      AC: 51    Str: 24      XL:     13   Next: 25%
Magic:  13/13      EV: 27    Int:  8 (9)  God:    Trog [****..]
Gold:   1713       SH:  5    Dex: 15 (16) Spells: 12/12 levels left

rFire    . . .     SeeInvis .   b - +6 mace (drain)
rCold    . . .     Faith    .   t - +0 buckler
rNeg     + . .     Spirit   .   L - +27 Lear's hauberk
rPois    ∞         Reflect  .   (helmet currently unavailable)
rElec    +         Harm     .   H - +1 cloak
rCorr    .         Rampage  .   (gloves currently unavailable)
Will     +++..                  (boots currently unavailable)
Stlth    ..........             J - amulet of the acrobat
HPRegen  1.24/turn              I - ring of willpower
MPRegen  0.13/turn              D - +6 ring of dexterity

@: strong-willed (expiring), on berserk cooldown, acrobatic, regenerating
(expiring), slowed, very slow
A: sickness immunity, AC +9, negative energy resistance 1, electricity
resistance, torment resistance 1, petrification resistance, deterioration 1
a: Renounce Religion, Berserk, Trog's Hand, Brothers in Arms


You were on level 2 of the Abyss.
You worshipped Trog.
Trog was greatly pleased with you.
You visited 2 branches of the dungeon, and saw 15 of its levels.
You visited the Abyss 1 time.
You also visited: Bailey.

You collected 1867 gold pieces.
You spent 154 gold pieces at shops.

Inventory:

Hand Weapons
 a - a +3 great mace
 b - a +6 mace of draining (weapon)
 d - the +9 halberd "Piburcha" {elec, rPois MP-9 Dex+4}
   (You found it on level 9 of the Dungeon)

   It occasionally discharges a powerful burst of electricity upon striking a
   foe.
   Dex:       It affects your dexterity (+4).
   rPois:     It protects you from poison.
   MP:        It affects your magic capacity (-9).
 M - a +2 morningstar of draining
Missiles
 n - a throwing net (quivered)
Armour
 g - a +2 helmet
 t - a +0 buckler (worn)
 C - a +0 pair of boots
 H - a +1 cloak (worn)
 L - the +27 Lear's hauberk (worn)
   (You found it on level 8 of the Dungeon)
 N - the +5 ring mail of Dramatic Exits {Regen+ Dex+3 SInv}
   (You found it on level 8 of the Dungeon)

   Dex:       It affects your dexterity (+3).
   SInv:      It lets you see invisible.
   Regen:     It increases your rate of health regeneration.
Jewellery
 h - an amulet of faith
 l - a +4 ring of evasion
 o - a +4 ring of evasion
 p - a ring of resist corrosion
 v - the ring "Luote" {*Corrode rF++ rN+ Str+2 Int-2}
   (You found it on level 4 of the Dungeon)

   [ring of positive energy]

   Str:       It affects your strength (+2).
   Int:       It affects your intelligence (-2).
   rF:        It greatly protects you from fire.
   rN:        It protects you from negative energy.
   *Corrode:  It may corrode you when you take damage.
 D - a +6 ring of dexterity (right hand)
 G - a ring of protection from fire
 I - a ring of willpower (left hand)
 J - an amulet of the acrobat (around neck)
Wands
 w - a wand of mindburst (6)
 B - a wand of iceblast (8)
Scrolls
 c - 5 scrolls of enchant armour
 f - a scroll of silence
 i - 6 scrolls of teleportation {unknown}
 k - 2 scrolls of enchant weapon {unknown}
 q - 2 scrolls of immolation {unknown}
 u - 3 scrolls of noise {unknown}
 x - 2 scrolls of vulnerability {unknown}
 y - 2 scrolls of magic mapping
 z - a scroll of brand weapon
 A - a scroll of fog
Potions
 e - 5 potions of heal wounds
 j - 2 potions of flight
 m - 3 potions of cancellation
 r - a potion of might
 s - a potion of berserk rage
 K - 3 potions of mutation


   Skills:
 + Level 11.8 Fighting
 * Level 13.0 Maces & Flails
 + Level 11.6 Armour
 + Level 8.0 Dodging
 - Level 4.0 Shields


You had 12 spell levels left.
You didn't know any spells.
Your spell library was empty.

Dungeon Overview and Level Annotations

Branches:
Dungeon (14/15)            Temple (1/1) D:4            Lair (0/6) D:8
 Bailey (visited)
    Orc: D:9-12      Vaults: D:13-14

Altars:
Ashenzari
Cheibriados
Dithmenos
Elyvilon
Fedhas
Gozag
Hepliaklqana
Kikubaaqudgha
Makhleb
Nemelex Xobeh
Okawaru
Qazlal
Ru
Sif Muna
Trog
Uskayaw
Vehumet
Wu Jian
Xom
Yredelemnul
Zin
The Shining One

Shops:
D:8 (

Annotations:
D:12 Erolcha


Innate Abilities, Weirdness & Mutations

You are immune to sickness and miasma.
Your stone body is resilient. (AC +9)
You are immune to poison.
You resist negative energy. (rN+)
You are resistant to electric shocks. (rElec)
You are resistant to unholy torment.
You are immune to petrification.
Your body sometimes deteriorates upon taking damage.


Message History

You hit the hellephant but do no damage.
The hellephant is lightly wounded.
The hellephant tramples you but does no damage.
The hellephant bites you but does no damage.
You block the hellephant's attack.
You bludgeon the hellephant!!
The hellephant is lightly wounded.
You sock the hellephant!
The hellephant is moderately wounded.
The hellephant blinks!
You feel a strong urge to attack something.
You are no longer berserk.
You are exhausted.
You feel yourself slow down.
Your skin crawls.
You feel strong-willed. The hellephant breathes flames at you.
The blast of flame misses you.
The hellephant blinks!
The hellephant completely misses you.
The hellephant bites you but does no damage.
The hellephant gores you but does no damage.
You fail to use your ability.
The hellephant blinks!
You fail to use your ability.
The hellephant breathes flames at you. The blast of flame hits you!
Your body deteriorates!
You feel dopey.
You fail to use your ability.
You feel the effects of Trog's Hand fading.
The hellephant closely misses you. The hellephant bites you!
The hellephant gores you but does no damage.
You fail to use your ability.
The hellephant misses you. You block the hellephant's attack.
The hellephant misses you. The hellephant tramples you!
* * * LOW HITPOINT WARNING * * *
Your body deteriorates!
You feel clumsy.
You stumble backwards!
The hellephant breathes flames at you. The blast of flame hits you!!
You die...

# ..........##. ...#.
...........##...#
#............###.## .
.........##...## . # .
........##.....#.
..........#.......... #
.......Y.#.....#...
..............##...###...
#. ........@.###.## .#
#...........## ... .. #.
#........ ...#
...........#. ..... ..
........##. .#.
....#....... #. # #
#####.## #. .. ..


You could see a hellephant (catching breath).

Vanquished Creatures
  Jorgrun (D:14)
  A very ugly thing (D:10)
  A boulder beetle (D:14)
  The ghost of loralnil the Martial Artist, a journeyman GnTm of Makhleb (D:10)
  4 hydras (D:13)
  3 two-headed ogres
  A tengu warrior (D:8)
  A centaur warrior (D:13)
  Pikel (D:4)
  4 cyclopes
  9 ugly things
  A deep elf pyromancer (D:14)
  A gargoyle (D:11)
  An unseen horror (D:10)
  3 trolls
  Grinder (D:5)
  2 wraiths
  A wyvern (D:8)
  6 yaks
  A vampire (D:13)
  3 shadows
  2 basilisks
  A neqoxec (D:10)
  2 vampire mosquitoes (D:11)
  Menkaure (D:4)
  2 acid dragons (D:10)
  5 water moccasins
  Duvessa (D:5)
  9 orc warriors
  3 sky beasts
  4 black bears
  An ice beast (D:5)
  2 ogres (D:5)
  3 centaurs
  2 phantoms
  Blork the orc (D:5)
  3 kobold brigands
  8 bullfrogs
  2 scorpions
  Dowan (D:5)
  3 killer bees (D:10)
  A jelly (D:3)
  5 wights
  An electric eel (D:6)
  3 howler monkeys
  A bullfrog zombie (D:6)
  4 centaur zombies
  A hound (D:6)
  2 bullfrog skeletons
  2 iguanas (D:5)
  A scorpion zombie (D:5)
  6 orc wizards
  A killer bee zombie (D:7)
  A hound skeleton (D:5)
  A howler monkey zombie (D:6)
  11 gnolls
  5 adders
  2 shadow imps
  A white imp (D:6)
  An ufetubus (D:6)
  An adder skeleton (D:4)
  A worm (D:5)
  4 dart slugs
  21 orcs
  4 bats
  3 endoplasms
  An endoplasm (shapeshifter) (D:10)
  2 giant cockroaches
  7 goblins
  4 hobgoblins
  7 jackals
  2 quokkas
  4 ball pythons
  7 frilled lizards
  24 kobolds
  6 rats
251 creatures vanquished.

Vanquished Creatures (collateral kills)
  2 ugly things (D:14)
  A wolf spider simulacrum (D:14)
  A hog (shapeshifter) (D:10)
  A neqoxec (D:10)
  An orc warrior (Bailey)
6 creatures vanquished.

Vanquished Creatures (others)
  A raiju (shapeshifter) (D:10)
  A human (D:13)
  A giant cockroach (shapeshifter) (D:10)
  35 fungi (D:8)
  30 plants
68 creatures vanquished.

Grand Total: 325 creatures vanquished

Notes
Turn   | Place    | Note
-------+----------+-------------------------------------------
     0 | D:1      | Borgoz the Gargoyle Berserker began the quest for the Orb.
     0 | D:1      | Reached XP level 1. HP: 14/14 MP: 1/1
   158 | D:1      | Reached XP level 2. HP: 19/19 MP: 2/2
   557 | D:1      | Reached XP level 3. HP: 24/24 MP: 3/3
   558 | D:1      | Reached ** piety under Trog
   822 | D:1      | Found a faded altar of an unknown god.
   952 | D:1      | You fall into a shaft and drop 1 floor!
  1363 | D:2      | Found a shimmering altar of Xom.
  1790 | D:3      | Reached XP level 4. HP: 28/29 MP: 4/4
  1875 | D:3      | Reached XP level 5. HP: 33/33 MP: 5/5
  2025 | D:3      | Reached skill level 4 in Maces & Flails
  2422 | D:4      | You fall into a shaft and drop 3 floors!
  2503 | D:7      | Noticed a water moccasin
  2510 | D:7      | Killed a water moccasin
  2511 | D:7      | Reached skill level 5 in Fighting
  2511 | D:7      | Reached XP level 6. HP: 40/40 MP: 6/6
  2605 | D:7      | Found a broken altar of Ashenzari.
  2758 | D:6      | Noticed a sky beast
  2770 | D:6      | Killed a sky beast
  3017 | D:5      | Entered Level 5 of the Dungeon
  3024 | D:5      | Reached skill level 1 in Shields
  3024 | D:5      | Reached XP level 7. HP: 44/44 MP: 7/7
  3182 | D:4      | Identified the ring "Luote" {*Corrode rF++ rN+ Str+2 Int-2}
  3270 | D:4      | Noticed Menkaure
  3278 | D:4      | Killed Menkaure
  3279 | D:4      | Reached skill level 5 in Maces & Flails
  3426 | D:4      | Reached skill level 5 in Armour
  3777 | D:4      | Noticed Pikel
  3791 | D:4      | Killed Pikel
  3792 | D:4      | Reached XP level 8. HP: 52/52 MP: 8/8
  3911 | D:4      | Reached *** piety under Trog
  3942 | D:4      | Found a staircase to the Ecumenical Temple.
  3948 | Temple   | Entered the Ecumenical Temple
  4326 | D:5      | Reached skill level 6 in Maces & Flails
  4494 | D:5      | Noticed Blork the orc
  4501 | D:5      | Killed Blork the orc
  4666 | D:5      | Reached XP level 9. HP: 45/57 MP: 9/9
  4773 | D:5      | Noticed Duvessa
  4774 | D:5      | Noticed Dowan
  4793 | D:5      | Killed Duvessa
  4804 | D:5      | Killed Dowan
  5080 | D:5      | Noticed Grinder
  5084 | D:5      | Paralysed by Grinder for 4 turns
  5097 | D:5      | Killed Grinder
  5508 | D:6      | Reached skill level 7 in Maces & Flails
  5631 | D:6      | Reached **** piety under Trog
  6457 | D:8      | Noticed a tengu warrior
  6481 | D:8      | Killed a tengu warrior
  6482 | D:8      | Reached XP level 10. HP: 65/65 MP: 10/10
  6653 | D:8      | Reached skill level 8 in Maces & Flails
  6725 | D:8      | Found a staircase to the Lair.
  6969 | D:8      | Reached skill level 5 in Dodging
  7117 | D:8      | Found the +27 Lear's hauberk
  7517 | D:8      | Found Xathousix's Antique Weapon Shop.
  7525 | D:8      | Bought a glowing morningstar for 154 gold pieces
  7663 | D:8      | Reached ***** piety under Trog
  7692 | D:8      | Identified the +5 ring mail of Dramatic Exits {Regen+ Dex+3
                  | SInv}
  7991 | D:9      | Found a flagged portal.
  8022 | D:9      | Reached skill level 9 in Maces & Flails
  8147 | Bailey   | Entered a bailey
  8147 | Bailey   | Noticed an orc knight
  8148 | Bailey   | Noticed an orc knight
  8566 | D:9      | Identified the +9 halberd "Piburcha" {elec, rPois MP-9
                  | Dex+4}
  8801 | D:9      | Noticed a cyclops
  8816 | D:9      | Killed a cyclops
  8817 | D:9      | Reached XP level 11. HP: 59/71 MP: 11/11
  9154 | D:10     | Entered Level 10 of the Dungeon
  9429 | D:10     | Noticed a two-headed ogre
  9445 | D:10     | Killed a two-headed ogre
  9446 | D:10     | Reached skill level 10 in Maces & Flails
  9682 | D:10     | Reached skill level 10 in Fighting
  9756 | D:10     | Found a runed translucent gate.
  9756 | D:10     | Found a runed translucent gate.
  9756 | D:10     | Noticed a white ugly thing
  9757 | D:10     | Found a runed translucent gate.
  9757 | D:10     | Noticed a white ugly thing
  9757 | D:10     | Noticed a red ugly thing
  9759 | D:10     | Noticed a purple ugly thing
  9759 | D:10     | Noticed a red very ugly thing
 10040 | D:10     | Killed a white very ugly thing
 10044 | D:10     | Killed a white ugly thing
 10052 | D:10     | Killed a white ugly thing
 10053 | D:10     | Reached skill level 10 in Armour
 10058 | D:10     | Killed a green ugly thing
 10068 | D:10     | Killed a white ugly thing
 10099 | D:10     | Found a runed translucent gate.
 10099 | D:10     | Found a runed translucent gate.
 10101 | D:10     | Noticed a fire crab
 10101 | D:10     | a fire crab changed into a raiju
 10207 | D:10     | Noticed loralnil's ghost (journeyman GnTm)
 10208 | D:10     | Found a runed translucent gate.
 10238 | D:10     | Gained mutation: Your body sometimes deteriorates upon
                  | taking damage. [a neqoxec]
 10263 | D:10     | Killed loralnil's ghost
 10349 | D:11     | Reached skill level 11 in Maces & Flails
 10370 | D:11     | Noticed a cyclops
 10384 | D:11     | Killed a cyclops
 10385 | D:11     | Reached XP level 12. HP: 50/79 MP: 12/12
 11126 | D:11     | You fall into a shaft and drop 3 floors!
 11292 | D:14     | Noticed Jorgrun
 11333 | D:14     | Killed Jorgrun
 11334 | D:14     | Reached skill level 12 in Maces & Flails
 11346 | D:14     | Noticed a boulder beetle
 11395 | D:14     | Killed a boulder beetle
 11433 | D:14     | Noticed a two-headed ogre
 11465 | D:14     | Killed a two-headed ogre
 11472 | D:14     | HP: 1/80 [wolf spider simulacrum (22)]
 11625 | D:14     | Noticed a death knight
 11753 | D:13     | Noticed a four-headed hydra
 11760 | D:13     | Killed a four-headed hydra
 11768 | D:13     | Noticed a seven-headed hydra
 11774 | D:13     | Killed a seven-headed hydra
 11775 | D:13     | Reached XP level 13. HP: 77/84 MP: 13/13
 11927 | D:13     | Reached skill level 13 in Maces & Flails
 12249 | D:12     | Noticed Erolcha
 12249 | D:12     | Cast into level 2 of the Abyss (Erolcha)
 12277 | Abyss:2  | Noticed a hellephant
 12307 | Abyss:2  | Killed from afar by a hellephant

Illustrated notes

Levels and vault maps discovered:
D:1:      roderic_crop_circles_arrival_small, layout_basic,
          hellmonk_ecumenical_altar_crossroads
D:2:      layout_rooms, basic_altar
D:3:      layout_basic
D:4:      layout_rooms, minmay_temple_entry_fiery, uniq_menkaure, uniq_pikel
D:5:      layout_loops_corners, uniq_blork_the_orc, uniq_duvessa, uniq_grinder
D:6:      layout_basic, st_stairs_14, serial_bayou_pond_b,
          kennysheep_generic_room_2
D:7:      layout_rooms, general_overflow_altar, kennysheep_cluttered_room
D:8:      layout_loops_corners, due_lair_maze_entry_diamond, serial_shops,
          nicolae_shop_stone, chequers_serial_rivers_micro_d,
          palyth_stone_intersect, hellmonk_guarded_unrand_lears
D:9:      layout_loops_cross, enter_bailey_2, minmay_variable_closet,
          kennysheep_generic_room_4
D:10:     layout_basic, ploomutoo_gammafunk_ghost_potion_laboratory
D:11:     layout_rooms
D:12:     layout_long_grid, orc_0_dummy, uniq_erolcha
D:13:     layout_basic, ximxim_vaults_locker_room
D:14:     layout_basic, serial_bayou_shore_b, onia_ninara_cookie, uniq_jorgrun,
          uniq_snorg
Temple:   nicolae_temple_the_god_donut
Abyss:2:  base:
D:7

Skill      XL: |  1  2  3  4  5  6  7  8  9 10 11 12 13 |
---------------+----------------------------------------+-----
Armour         | 3 4 5 6 8 9 10 11 | 11.6
Dodging        | 2 3 4 5 6 7 8 |  8.0
Fighting       | 4 5 6 7 8 9 10 11 | 11.8
Maces & Flails | 4 5 6 7 9 11 12 13 | 13.0
Shields        | 1 2 3 4 |  4.0

Action                   |  1- 3 |  4- 6 |  7- 9 | 10-12 | 13-15 || total
-------------------------+-------+-------+-------+-------+-------++-------
Melee: Mace              |   119 |    39 |       |   403 |    48 ||   609
       Whip              |       |    50 |   374 |   206 |       ||   630
       Morningstar       |       |       |       |    67 |       ||    67
Invok: Berserk           |     3 |     5 |     9 |    12 |     2 ||    31
       Trog's Hand       |       |       |       |     6 |     1 ||     7
       Brothers in Arms  |       |       |       |     4 |       ||     4
  Use: Scroll            |       |       |       |    19 |     3 ||    22
       Potion            |       |       |       |     3 |       ||     3
Armor: Animal skin       |    37 |       |       |       |       ||    37
       Scale mail        |    11 |    33 |   103 |    65 |       ||   212
       Ring mail         |     6 |       |       |       |       ||     6
       Chain mail        |       |       |       |   289 |    47 ||   336
Dodge: Dodged            |    92 |    60 |   170 |   454 |    54 ||   830
Block: Buckler           |       |       |    49 |   129 |    13 ||   191
